 Dungeon Crawl Stone Soup version 0.32-a0-163-g159c032296 (webtiles) character file.

Game seed: 13731784832702204040

126 pokeman the Magician (level 4, 0/25 HPs)
             Began as a Deep Elf Hedge Wizard on Feb 11, 2024.
             Slain by a mummy (14 damage)
             ... in an ossuary on Feb 12, 2024.
             The game lasted 00:06:31 (3486 turns).

pokeman the Magician (Deep Elf Hedge Wizard)        Turns: 3486, Time: 00:06:32

Health: 0/25       AC:  6    Str:  7    XL:     4   Next: 83%
Magic:  4/13       EV: 13    Int: 27    God:
Gold:   198        SH:  0    Dex: 14    Spells: 2/14 levels left

rFire   . . .        c - +1 dagger (venom)
rCold   . . .        (no shield)
rNeg    . . .        b - +0 robe
rPois   .            f - +2 helmet
rElec   .            (no cloak)
rCorr   .            u - +0 pair of gloves
SInv    .            (no boots)
Will    .....        (no amulet)
Stlth   ++           v - +6 ring of intelligence
HPRegen 0.24/turn    (no ring)
MPRegen 0.13/turn

%: no passive effects
@: no status effects
A: no striking features
a: no special abilities


You were in an ossuary.
You visited 1 branch of the dungeon, and saw 4 of its levels.
You also visited: Ossuary.

You collected 198 gold pieces.

Inventory:

Hand Weapons
 c - a +1 dagger of venom (weapon)
Missiles
 l - 2 throwing nets
Armour
 b - a +0 robe (worn)
 f - a +2 helmet (worn)
 u - a +0 pair of gloves (worn)
Jewellery
 n - an amulet of faith
 v - a +6 ring of intelligence (left hand)
Scrolls
 a - a scroll of teleportation {unknown}
 e - 2 scrolls of enchant armour {unknown}
 h - 2 scrolls of amnesia {unknown}
 j - 4 scrolls of identify {unknown}
 k - 2 scrolls of noise {unknown}
 m - 2 scrolls of fog {unknown}
 s - a scroll of vulnerability {unknown}
 w - a scroll of immolation {unknown}
Potions
 d - a potion of magic
 g - a potion of haste {unknown}
 i - a potion of cancellation {unknown}
 o - a potion of mutation {unknown}
 p - 2 potions of lignification {unknown}
 q - a potion of ambrosia {unknown}
 r - 2 potions of heal wounds {unknown}
 t - a potion of brilliance {unknown}


   Skills:
 - Level 1.0 Fighting
 - Level 1.0 Armour
 - Level 3.0 Dodging
 - Level 3.0 Stealth
 * Level 5.9 Spellcasting
 + Level 2.4 Conjurations
 - Level 1.1 Summonings
 - Level 1.1 Translocations
 + Level 0.1 Fire Magic
 + Level 0.0 Air Magic
 + Level 0.0 Alchemy


You had 2 spell levels left.
You knew the following spells:

 Your Spells              Type           Power      Damage    Failure   Level
a - Magic Dart            Conj           84%        1d7       2%          1
b - Mephitic Cloud        Conj/Alch/Air  12%        N/A       14%         3
c - Call Imp              Summ           26%        N/A       6%          2
d - Blink                 Tloc           26%        N/A       6%          2
e - Flame Wave            Conj/Fire      14%        2d6       36%         4

Your spell library contained the following spells:

 Spells                   Type           Power      Damage    Failure   Level
 Lesser Beckoning         Tloc           26%        N/A       6%          2
 Slow                     Hex            28%        N/A       7%          1
 Cigotuvi's Dreadful Rot  Necr/Alch/Air  16%        N/A       10%         2
 Gell's Gravitas          Tloc           13%        N/A       12%         3
 Teleport Other           Tloc           13%        N/A       12%         3
 Inner Flame              Hex/Fire       8%         N/A       19%         3
 Sticky Flame             Fire/Alch      8%         2d4       54%         4


Dungeon Overview and Level Annotations

Branches:
Dungeon (4/15)            Ossuary (1/1)
 Temple: D:4-7

Altars:
Cheibriados


Message History

Confirm with . or Enter, or press ? or * to list all spells.
Aiming: Magic Dart (safe; 2% risk of failure)
Press: ? - help, Shift-Dir - straight line, f/p - mummy
Aim: a mummy (moderately damaged, 100% to hit)
The magic dart hits the mummy.
The mummy is heavily damaged.
The mummy misses you.
Your cerulean imp hits the scorpion zombie from afar with a -3 spear.
The mummy hits you!
Unknown command.
Casting: Magic Dart (safe; 2% risk of failure)
Confirm with . or Enter, or press ? or * to list all spells.
Aiming: Magic Dart (safe; 2% risk of failure)
Press: ? - help, Shift-Dir - straight line, f/p - mummy
Aim: a mummy (heavily damaged, 100% to hit)
The magic dart hits the mummy.
The mummy is severely damaged.
Your cerulean imp hits the scorpion zombie from afar with a -3 spear.
Unknown command.
Casting: Magic Dart (safe; 2% risk of failure)
Confirm with . or Enter, or press ? or * to list all spells.
Aiming: Magic Dart (safe; 2% risk of failure)
Press: ? - help, Shift-Dir - straight line, f/p - mummy
Aim: a mummy (severely damaged, 100% to hit)
The magic dart hits the mummy but does no damage.
The mummy is severely damaged.
The mummy completely misses you. The mummy barely misses you.
Your cerulean imp hits the scorpion zombie but does no damage.
Casting: Magic Dart (safe; 2% risk of failure)
Confirm with . or Enter, or press ? or * to list all spells.
Aiming: Magic Dart (safe; 2% risk of failure)
Press: ? - help, Shift-Dir - straight line, f/p - mummy
Aim: a mummy (severely damaged, 100% to hit)
The magic dart hits the mummy.
The mummy is severely damaged.
You feel ready to blink again.
Your cerulean imp hits the scorpion zombie from afar with a -3 spear.
The mummy attacks as it pursues you! The mummy hits you!
Ouch! That really hurt!
You die...

#...#
#...#
##+##
#5..#
#.∩.#
#..Z#
#.∩M#
##..M##
#....@#
#.#.#.#
#######


You could see 2 mummies, a scorpion zombie (distracted, ally target) and a
friendly cerulean imp (summoned).

Vanquished Creatures
  A bombardier beetle (D:3)
  3 adders
  A dart slug (D:3)
  A ribbon worm (D:3)
  5 ball pythons
  2 bats
  4 endoplasms
  11 giant cockroaches
  3 goblins
  6 hobgoblins
  4 jackals (D:2)
  A quokka (D:1)
  3 frilled lizards
  4 kobolds
  7 rats
56 creatures vanquished.

Notes
Turn   | Place    | Note
-------+----------+-------------------------------------------
     0 | D:1      | pokeman the Deep Elf Hedge Wizard began the quest for the
                  | Orb.
     0 | D:1      | Reached XP level 1. HP: 10/10 MP: 7/7
   301 | D:1      | Reached XP level 2. HP: 15/15 MP: 3/9
  1054 | D:2      | Reached skill level 5 in Spellcasting
  1054 | D:2      | Reached XP level 3. HP: 19/20 MP: 1/11
  1088 | D:2      | Learned a level 3 spell: Mephitic Cloud
  1091 | D:2      | Learned a level 2 spell: Call Imp
  1094 | D:2      | Learned a level 2 spell: Blink
  1289 | D:2      | Found a faded altar of an unknown god.
  1782 | D:2      | Reached skill level 1 in Armour
  2166 | D:3      | Reached skill level 1 in Fighting
  2290 | D:3      | Reached XP level 4. HP: 25/25 MP: 13/13
  2308 | D:3      | Learned a level 4 spell: Flame Wave
  3153 | D:3      | Found a snail-covered altar of Cheibriados.
  3444 | D:4      | Found a sand-covered staircase.
  3462 | Ossuary  | Entered an ossuary
  3486 | Ossuary  | Slain by a mummy

Illustrated notes

Levels and vault maps discovered:
D:1:      zelgadis_glass_arrival_small, layout_loops_ring,
          chequers_serial_rivers_micro_e
D:2:      layout_basic, shapermc_ecumenical_altar_venn
D:3:      minmay_roachtagon, layout_basic, slow_altar_2, minmay_misc_feat_roman
D:4:      layout_cave_pods, mainiacjoe_overflow_alcove_2, elyvilon_altar_1,
          mainiacjoe_ossuary_entry_dusty_tomb, chequers_garden,
          corexii_corridor_pit, uniq_crazy_yiuf_cottage, uniq_robin
Ossuary:  ossuary_minmay_chase

Skill      XL: |  1  2  3  4 |
---------------+-------------+-----
Spellcasting   | 5 |  5.9
Armour         | 1 |  1.0
Conjurations   | 2 |  2.4
Fighting       | 1 |  1.0
Dodging        | 3 |  3.0
Stealth        | 3 |  3.0
Summonings     | |  1.1
Translocations | |  1.1
Fire Magic     | |  0.1

Action                     |  1- 3 |  4- 6 || total
---------------------------+-------+-------++-------
  Melee: Dagger            |    19 |    11 ||    30
   Cast: Magic Dart        |    85 |    37 ||   122
         Mephitic Cloud    |     1 |     1 ||     2
         Blink             |       |     1 ||     1
         Call Imp          |       |     1 ||     1
   Stab: Confused          |     1 |     1 ||     2
 Armour: Robe              |    10 |     7 ||    17
  Dodge: Dodged            |     9 |    11 ||    20

Table legend: (Time is in decaauts)
 A = Elapsed time spent in this place.
 B = Non-inter-level travel time spent in this place.
 C = Inter-level travel time spent in this place.
 D = Time resting spent in this place.
 E = Time spent auto-exploring this place.
 F = Levels seen in this place.
 G = Mean time per level.
                   A        B        C        D        E       F      G
               +--------+--------+--------+--------+--------+-----+--------+
         Total |   3482 |   3373 |    109 |      6 |   2925 |   5 |  696.4 |
       Dungeon |   3459 |   3350 |    109 |      6 |   2925 |   4 |  864.8 |
       Ossuary |     23 |     23 |      0 |      0 |      0 |   1 |   23.0 |
               +--------+--------+--------+--------+--------+-----+--------+

Top non-repeatable levels by time:
     D:3: 1280 daAuts
     D:2: 1064 daAuts
     D:1: 1017 daAuts
     D:4: 96 daAuts
 Ossuary: 23 daAuts
